 Dungeon Crawl Stone Soup version 0.21.1-1-g345015f (webtiles) character file.

746 Mesmaeker13 the Skirmisher (level 7, -3/60 HPs)
             Began as a Demigod Wanderer on May 6, 2018.
             Slain by a two-headed ogre
             ... wielding a +0 giant spiked club
              (12 damage)
             ... on level 4 of the Dungeon.
             The game lasted 00:06:10 (4319 turns).

Mesmaeker13 the Skirmisher (Demigod Wanderer)       Turns: 4319, Time: 00:06:11

Health: -3/60      AC: 13    Str: 19    XL:     7   Next: 23%
Magic:  11/11      EV:  7    Int: 17    God:
Gold:   187        SH:  3    Dex: 14    Spells: 8/8 levels left

rFire    . . .     SeeInvis .   a - +2 falchion
rCold    . . .     Gourm    .   (no shield)
rNeg     . . .     Faith    .   B - +0 chain mail
rPois    .         Spirit   .   (no helmet)
rElec    .         Reflect  +   (no cloak)
rCorr    .         Harm     .   (no gloves)
MR       .....                  (no boots)
Stlth    ..........             i - +3 amulet of reflection
HPRegen  0.20/turn              f - +4 ring of protection
MPRegen  0.12/turn              (no ring)

@: no status effects
A: high mp 1
a: no special abilities


You were on level 4 of the Dungeon.
You were not hungry.

You visited 1 branch of the dungeon, and saw 5 of its levels.

You collected 187 gold pieces.

Inventory:

Hand Weapons
 a - a +2 falchion (weapon)
 u - a +0 blowgun
 x - a +0 long sword
Missiles
 l - 8 tomahawks (quivered)
 r - 38 poisoned needles
Armour
 B - a +0 chain mail (worn)
Jewellery
 f - a +4 ring of protection (left hand)
 i - a +3 amulet of reflection (around neck)
 y - an uncursed ring of protection from fire
Wands
 o - a wand of acid (10)
Scrolls
 g - a scroll of magic mapping {unknown}
 j - 2 scrolls of enchant armour
 m - 3 scrolls of remove curse
 n - a scroll of immolation {unknown}
 q - a scroll of blinking {unknown}
 t - a scroll of enchant weapon {unknown}
 z - 2 scrolls of teleportation {unknown}
Potions
 b - 4 potions of curing
 c - a potion of mutation {unknown}
 e - a potion of heal wounds {unknown}
 h - a potion of might {unknown}
 s - 2 potions of haste {unknown}
 v - 2 potions of agility {unknown}
 w - a potion of flight {unknown}
Comestibles
 d - 11 rations
 k - a chunk of flesh


   Skills:
 + Level 4.7 Fighting
 + Level 4.6 Long Blades
 + Level 4.1 Armour
 - Level 1.0 Stealth
   Level 1.0 Shields
 - Level 1.0 Spellcasting
   Level 1.7 Air Magic
 - Level 1.0 Evocations


You had 8 spell levels left.
You didn't know any spells.

Dungeon Overview and Level Annotations

Branches:
Dungeon (5/15)
 Temple: D:4-7

Annotations:
D:5 p0werm0de's ghost, novice FoCK


Innate Abilities, Weirdness & Mutations

You have an increased reservoir of magic. (+10% MP)


Message History

P0werm0de's ghost turns its malevolent gaze towards you.
P0werm0de's ghost swings its fists at you.
You block p0werm0de's ghost's attack.
Things that are here:
a giant club; a poisoned needle; an ogre corpse
Press: ? - help, v - describe, . - travel
Here: p0werm0de's ghost, wielding a weapon of electrocution The floor.
Unknown command.
Found 3 yellow potions.
P0werm0de's ghost hits you but does no damage.
You are electrocuted!
There is a stone staircase leading up here.
P0werm0de's ghost barely misses you.
You climb upwards.
The two-headed ogre misses you.
The two-headed ogre hits you with a giant club!
* * * LOW HITPOINT WARNING * * *
There is a stone staircase leading down, spattered with blood here.
The two-headed ogre hits you with a giant spiked club!
You die...

...# #.# .#.# #.# .#.#
#.# .#.# #.# .#.######.#
.#........#
.#........########
...............O>#
##.##.###.######@######
.#.##.###.#...........###
.#..........####........#
.#..#.###.###########..##
.#..#h# #...........#..#
.#..#.# #.##.##........##
.#..#.# #.##.##.#.#.....#
##..#.# ####.####.#.#..##
.#..#.# #_# #.#....#


You could see a two-headed ogre.

Vanquished Creatures
  An orc warrior (D:3)
  2 ogres
  A bullfrog (D:4)
  A scorpion (D:4)
  A howler monkey (D:4)
  2 orc priests
  A hound (D:5)
  2 orc wizards (D:4)
  Jessica (D:2)
  7 adders
  An ooze (D:3)
  4 adder skeletons
  2 leopard geckos
  13 orcs
  3 ball pythons
  4 giant cockroaches
  9 goblins
  7 hobgoblins
  6 kobolds
  8 bats
  2 frilled lizards
  8 rats
86 creatures vanquished.

Notes
Turn   | Place    | Note
-------+----------+-------------------------------------------
     0 | D:1      | Mesmaeker13 the Demigod Wanderer began the quest for the Orb.
     0 | D:1      | Mesmaeker13 set off with: a +2 falchion, 2 potions of curing, a +0 robe, a ration
     0 | D:1      | Reached XP level 1. HP: 17/17 MP: 4/4
   246 | D:1      | Reached XP level 2. HP: 23/24 MP: 5/5
   282 | D:1      | You fall through a shaft!
   591 | D:1      | Reached skill level 1 in Armour
  1104 | D:2      | Reached XP level 3. HP: 15/30 MP: 6/6
  1394 | D:2      | Noticed Jessica
  1406 | D:2      | Killed Jessica
  1723 | D:3      | Reached XP level 4. HP: 18/37 MP: 8/8
  2657 | D:3      | Reached XP level 5. HP: 41/45 MP: 9/9
  2846 | D:4      | Found a burning altar of Makhleb.
  2846 | D:4      | Noticed a blizzard demon
  2951 | D:4      | Noticed a two-headed ogre
  3513 | D:4      | Reached XP level 6. HP: 52/52 MP: 10/10
  4163 | D:4      | Reached XP level 7. HP: 60/60 MP: 11/11
  4235 | D:5      | Entered Level 5 of the Dungeon
  4300 | D:5      | Noticed p0werm0de's ghost (novice FoCK)
  4319 | D:4      | Slain by a two-headed ogre

Skill      XL: |  1  2  3  4  5  6  7 |
---------------+----------------------+-----
Fighting       | 2 3 4 |  4.7
Long Blades    | 2 3 4 |  4.6
Armour         | 1 2 3 4 |  4.1
Stealth        | |  1.0
Shields        | |  1.0
Spellcasting   | |  1.0
Air Magic      | |  1.7
Evocations     | |  1.0

Action                   |  1- 3 |  4- 6 |  7- 9 || total
-------------------------+-------+-------+-------++-------
Melee: Falchion          |    81 |   175 |    17 ||   273
 Fire: Blowgun           |       |       |     4 ||     4
Evoke: Wand              |       |     2 |       ||     2
  Use: Scroll            |     2 |     4 |       ||     6
 Stab: Sleeping          |       |     1 |       ||     1
  Eat: Chunk             |     3 |     7 |     1 ||    11
Armor: Ring mail         |    32 |     8 |       ||    40
       Scale mail        |       |    70 |       ||    70
       Chain mail        |       |    19 |    15 ||    34
Dodge: Dodged            |    56 |    85 |    10 ||   151
Block: Other             |       |    21 |     3 ||    24
       Rpst.: Falchion   |    21 |    30 |     3 ||    54
